 Dungeon Crawl Stone Soup version 0.24.0-125-gc4c63601f3 (webtiles) character file.

Game seed: 17302874941197464645, levelgen mode: deterministic

59 miau the Conjurer (level 3, -3/15 HPs)
             Began as a Felid Conjurer on Mar 21, 2020.
             Killed by nerve-wracking pain
             ... invoked by Grinder
              (5 damage)
             ... while paralysed by Grinder
             ... on level 3 of the Dungeon.
             The game lasted 00:37:19 (2221 turns).

miau the Conjurer (Felid Conjurer)                  Turns: 2221, Time: 00:37:19

Health: -3/15      AC:  1    Str:  5    XL:     3   Next: 78%
Magic:  2/7        EV:  4    Int: 16    God:
Gold:   95         SH:  0    Dex: 16    Spells: 1/7 levels left
                                        Lives:  0   Deaths: 0

rFire    . . .     SeeInvis +   (weapon unavailable)
rCold    . . .     Gourm    .   (shield unavailable)
rNeg     . . .     Faith    .   (armour unavailable)
rPois    .         Spirit   .   (helmet unavailable)
rElec    .         Reflect  .   (cloak unavailable)
rCorr    .         Harm     .   (gloves unavailable)
MR       .....                  (boots unavailable)
Stlth    +++.......             (no amulet)
HPRegen  0.05/turn              (no ring)
MPRegen  0.10/turn              (no ring)

@: paralysed, very slightly contaminated, quick
A: very small, no armour, no weapons or thrown items, stealth, claws 1, fangs 3,
see invisible, carnivore, speed 1, shaggy fur 1, slow metabolism 1, sharp paws
a: no special abilities


You were on level 3 of the Dungeon.
You were completely stuffed.

You visited 1 branch of the dungeon, and saw 3 of its levels.

You collected 95 gold pieces.

Inventory:

Jewellery
 h - an uncursed ring of ice
Scrolls
 c - a scroll of remove curse
 d - 2 scrolls of identify
 f - a scroll of fog
 g - 3 scrolls of teleportation
 k - 2 scrolls of amnesia
Potions
 a - a potion of agility
 e - a potion of lignification
 i - 2 potions of curing
 j - a potion of heal wounds
Comestibles
 b - 4 rations


   Skills:
 * Level 1.2 Fighting
 + Level 2.7 Dodging
 + Level 2.8 Stealth
 * Level 0.9 Unarmed Combat
 * Level 2.6 Spellcasting
 + Level 4.1 Conjurations


You had one spell level left.
You knew the following spells:

 Your Spells              Type           Power        Failure   Level  Hunger
c - Dazzling Spray        Conj/Hex       #.....       24%         3    ###....
x - Searing Ray           Conj           ###...       5%          2    ##.....
z - Magic Dart            Conj           ###.         3%          1    #......

Your spell library contained the following spells:

 Spells                   Type           Power        Failure   Level  Hunger
 Iskenderun's Mystic Bla  Conj           ###.....     34%         4    #####..
 Force Lance              Conj/Tloc      #.......     63%         4    #####..
 Fulminant Prism          Conj/Hex       #.........   63%         4    #####..


Dungeon Overview and Level Annotations

Branches:
Dungeon (3/15)

Altars:

Annotations:
D:3 Grinder


Innate Abilities, Weirdness & Mutations

You cannot wear armour.
You are incapable of wielding weapons or throwing items.
Your paws allow you to move quietly. (Stealth)
You have sharp claws.
You have razor-sharp teeth.
You have supernaturally acute eyesight. (SInv)
You are carnivorous and can eat meat at any time.
You cover ground quickly.
You are covered in fur. (AC +1)
You have a slow metabolism.
Your sharp claws are effective at attacking unaware monsters.


Message History

The floor.
You see here a kobold corpse.
Casting: Dazzling Spray (safe; 24% risk of failure)
Confirm with . or Enter, or press ? or * to list all spells.
Aiming: Dazzling Spray (safe; 24% risk of failure)
Press: ? - help, Shift-Dir - straight line, f - Grinder
Aim: Grinder You miscast Dazzling Spray.
You are very lightly contaminated with residual magic.
Your skin tingles.
Grinder says, "Tell me all your secrets, or I'll kill you."
Grinder gestures at you.
You suddenly lose the ability to move!
Grinder gestures at you. Pain shoots through your body!
Ouch! That really hurt!
* * * LOW HITPOINT WARNING * * *
Grinder gestures at you. Pain shoots through your body!
You die...

########
############.......
#.@5†.............#
#.##########.####.# #.
#.# #.# #. #### #.#
#.# ..... (.. #.# #..
...#. ###.##>####.#
#.##. #.......>....
#.##. #.##.........
#.##.#####.##.##.#†.#.


You could see Grinder.

Vanquished Creatures
  An adder (D:3)
  4 leopard geckos (D:1)
  A ball python (D:3)
  A giant cockroach (D:1)
  9 goblins
  4 hobgoblins
  2 jackals (D:2)
  A bat (D:2)
  5 frilled lizards (D:1)
  7 kobolds
  11 rats
46 creatures vanquished.

Notes
Turn   | Place    | Note
-------+----------+-------------------------------------------
     0 | D:1      | miau the Felid Conjurer began the quest for the Orb.
     0 | D:1      | Reached XP level 1. HP: 7/7 MP: 4/4
   257 | D:1      | Reached XP level 2. HP: 12/12 MP: 1/6
   619 | D:1      | Reached skill level 4 in Conjurations
   870 | D:1      | Reached skill level 1 in Fighting
  1039 | D:1      | Reached XP level 3. HP: 15/15 MP: 4/7
  1043 | D:1      | Learned a level 2 spell: Searing Ray
  1227 | D:1      | Learned a level 2 spell: Searing Ray
  1903 | D:3      | Learned a level 3 spell: Dazzling Spray
  2208 | D:3      | Noticed Grinder
  2216 | D:3      | Paralysed by Grinder for 5 turns
  2221 | D:3      | Killed from afar by Grinder

Levels and vault maps discovered:
D:1:      dpeg_arrival_renting, layout_basic, minmay_bisected
D:2:      layout_rooms
D:3:      layout_loops_ring, first_ration, uniq_grinder

Skill      XL: |  1  2 |
---------------+-------+-----
Conjurations   | 4 |  4.1
Fighting       | 1 |  1.2
Dodging        | |  2.7
Stealth        | |  2.8
Unarmed Combat | |  0.9
Spellcasting   | |  2.6

Action                   || total
-------------------------++-------
Melee: Unarmed           ||    18
       Bite              ||     1
 Cast: Magic Dart        ||    63
       Searing Ray       ||     5
       Dazzling Spray    ||     3
  Use: Scroll            ||     7
       Potion            ||     7
 Stab: Sleeping          ||     3
  Eat: Chunk             ||    11
Dodge: Dodged            ||    18
